 Dungeon Crawl Stone Soup version 0.30-a0-359-gd0147acb1a (webtiles) character file.

Game seed: 16437637704589463236

2428 oldriver the Thaumaturge (level 9, -4/62 HPs)
             Began as a Mummy Necromancer on Nov 12, 2022.
             Was a Believer of Hepliaklqana.
             Slain by Joseph
             ... wielding a +2 quarterstaff of draining
              (6 damage)
             ... on level 8 of the Dungeon.
             The game lasted 00:15:00 (8219 turns).

oldriver the Thaumaturge (Mummy Necromancer)        Turns: 8219, Time: 00:15:01

Health: -4/62      AC:  3    Str: 12    XL:     9   Next: 24%
Magic:  21/23      EV: 16    Int: 18    God:    Hepliaklqana [**....]
Gold:   496        SH:  0    Dex: 12    Spells: 14/28 levels left

rFire   x . .      SeeInvis .    e - +2 dagger (elec)
rCold   + . .      Faith    +    (no shield)
rNeg    + + +      Spirit   .    a - +0 robe
rPois   ∞          Reflect  .    g - +0 helmet
rElec   .          Harm     .    (no cloak)
rCorr   .          Rampage  .    (no gloves)
Will    +....                    (no boots)
Stlth   ++........               i - amulet of magic regeneration
HPRegen 0.30/turn                m - +4 ring of evasion
MPRegen 0.58/turn                n - ring of wizardry

@: no status effects
A: reduced essence, cold resistance 1, negative energy resistance 3, torment
resistance 2, heat vulnerability 1, in touch with death 1, no potions, faith
a: Renounce Religion, Recall Ancestor, Ancestor Identity


You were on level 8 of the Dungeon.
You worshipped Hepliaklqana.
Hepliaklqana was pleased with you.
You visited 2 branches of the dungeon, and saw 9 of its levels.
You also visited: Ossuary.

You collected 496 gold pieces.

Inventory:

Hand Weapons
 e - a +2 dagger of electrocution (weapon)
 h - a +0 mace of protection
Armour
 a - a +0 robe (worn)
 g - a +0 helmet (worn)
Jewellery
 d - a ring of ice
 i - an amulet of magic regeneration (around neck)
 m - a +4 ring of evasion (left hand)
 n - a ring of wizardry (right hand)
Wands
 f - a wand of polymorph (11)
Scrolls
 b - a scroll of brand weapon
 c - 7 scrolls of identify
 j - 3 scrolls of teleportation
 k - a scroll of blinking
 l - a scroll of torment
 o - a scroll of poison
 p - a scroll of enchant armour


   Skills:
 + Level 5.7 Fighting
 + Level 2.9 Dodging
 - Level 1.5 Stealth
 * Level 10.2 Spellcasting
 + Level 2.0 Conjurations
 + Level 7.3 Necromancy


You had 14 spell levels left.
You knew the following spells:

 Your Spells              Type           Power      Damage    Failure   Level
a - Necrotise             Necr           100%       1d9       1%          1
b - Vampiric Draining     Necr           52%        2d9       1%          3
c - Animate Dead          Necr           52%        N/A       1%          4
d - Blink                 Tloc           18%        N/A       4%          2
e - Sticky Flame          Conj/Fire      12%        2d4       21%         4

Your spell library contained the following spells:

 Spells                   Type           Power      Damage    Failure   Level
 Momentum Strike          Conj/Tloc      24%        3d8       3%          2
 Agony                    Necr           52%        N/A       4%          5
 Inner Flame              Hex/Fire       9%         N/A       10%         3
 Lesser Beckoning         Tloc           18%        N/A       10%         3
 Summon Guardian Golem    Hex/Summ       9%         N/A       10%         3
 Flame Wave               Conj/Fire      12%        2d6       21%         4
 Petrify                  Tmut/Erth      9%         N/A       30%         4
 Irradiate                Conj/Tmut      6%         3d13      47%         5
 Orb of Destruction       Conj           8%         9d6       100%        7
 Spellforged Servitor     Conj/Summ      6%         N/A       100%        7
 Sublimation of Blood     Necr           Unusable   N/A       N/A         2

Dungeon Overview and Level Annotations

Branches:
Dungeon (8/15)             Temple (1/1) D:6         Ossuary (visited)
   Lair: D:8-11

Altars:
Ashenzari
Cheibriados
Dithmenos
Fedhas
Gozag
Hepliaklqana
Kikubaaqudgha
Makhleb
Nemelex Xobeh
Okawaru
Qazlal
Ru
Sif Muna
Trog
Uskayaw
Vehumet
Wu Jian
Xom
Yredelemnul

Shops:
D:2 :

Annotations:
D:8 Joseph


Innate Abilities, Weirdness & Mutations

Your life essence is reduced to manifest your ancestor. (-10% HP)
You are immune to poison.
Your flesh is cold resistant. (rC+)
You are immune to negative energy. (rN+++)
You are immune to unholy pain and torment.
You are vulnerable to heat. (rF-)
You are in touch with the powers of death.
You do not drink.
You have a special connection with the divine. (Faith)


Message History

Press: ? - help, Dir - move target, f/p - Joseph
Aim: Joseph, wielding a +0 sling and wearing a +0 ring mail (lightly wounded, fast) Attack!
Joseph shoots a sling bullet.
The sling bullet misses you.
Joseph shoots a sling bullet.
Bozidara blocks the sling bullet.
Joseph shoots a sling bullet.
The sling bullet hits Bozidara!
Bozidara hits Joseph with a +0 flail!
You feel a surge of power! Bozidara avoids your attack.
Joseph writhes in agony.
Joseph looks very unfriendly.
Joseph shoots a sling bullet.
The sling bullet closely misses Bozidara.
The sling bullet hits you!
Bozidara hits Joseph with a +0 flail.
You feel a surge of power! Bozidara avoids your attack.
Joseph writhes in agony.
Joseph shoots a sling bullet.
Bozidara blocks the sling bullet.
Joseph shoots a sling bullet.
Bozidara blocks the sling bullet.
Bozidara hits Joseph with a +0 flail!
You feel a surge of power! Bozidara avoids your attack.
Joseph struggles to resist.
Joseph unwields a +0 sling.
Joseph wields a +2 quarterstaff of draining.
You sense an unholy aura.
Joseph hits Bozidara with a +2 quarterstaff of draining!
Bozidara is destroyed!
You feel a surge of power!
Joseph writhes in agony.
Joseph unwields a +2 quarterstaff of draining.
Joseph wields a +0 sling.
Joseph shoots a sling bullet.
The sling bullet completely misses you.
You feel a surge of power!
Joseph writhes in agony.
You feel a surge of power!
Joseph writhes in agony.
Joseph shoots a sling bullet.
The sling bullet hits you!
You feel a surge of power!
Joseph writhes in agony.
Joseph shoots a sling bullet.
The sling bullet hits you!
Joseph shoots a sling bullet.
The sling bullet hits you!
You are too injured to fight recklessly!
Joseph shoots a sling bullet.
The sling bullet hits you!!
* * * LOW HITPOINT WARNING * * *
Joseph unwields a +0 sling.
Joseph wields a +2 quarterstaff of draining.
You sense an unholy aura.
Joseph hits you with a +2 quarterstaff of draining.
You die...

.... ......#..
#......##........
#......##.......#
#......##.......#
##.......#......:#
#................#
##.#.#.#.#..!....)#
##........@........#
#...#.#.#@#........#
#.#.........###..#.#
#.#.#.#.#.#.### .#
#.............# ..
#.#.#)#.#.#.#.# ..
#.........#.# .
#..+....##### # ##
#....# ##'#.#


You could see Joseph (fast).

Vanquished Creatures
  Menkaure (Ossuary)
  2 water moccasins (D:7)
  An orc warrior (D:6)
  2 sky beasts (D:6)
  A black bear (D:6)
  An ogre (D:5)
  A phantom (D:6)
  3 necrophages
  Blork the orc (D:5)
  3 scorpions
  6 wights
  A jelly (D:6)
  An orc priest (D:6)
  3 hounds
  An iguana (D:4)
  2 orc wizards
  3 mummies (Ossuary)
  6 gnolls
  10 adders
  2 shadow imps (D:6)
  6 dart slugs
  2 worms (D:2)
  18 orcs
  5 bats
  6 endoplasms
  2 giant cockroaches (D:1)
  6 goblins
  7 hobgoblins
  8 jackals
  6 quokkas
  7 ball pythons
  6 frilled lizards
  2 gnoll skeletons (Ossuary)
  4 gnoll zombies (Ossuary)
  3 goblin skeletons (Ossuary)
  7 goblin zombies (Ossuary)
  6 hobgoblin skeletons (Ossuary)
  3 hobgoblin zombies (Ossuary)
  8 kobolds
  6 kobold skeletons (Ossuary)
  5 kobold zombies (Ossuary)
  5 orc skeletons (Ossuary)
  3 orc zombies (Ossuary)
  2 rats
  3 rat skeletons (Ossuary)
  3 rat zombies (Ossuary)
190 creatures vanquished.

Vanquished Creatures (collateral kills)
  A necrophage (D:6)
  A scorpion (D:3)
  2 wights (D:7)
  A hound (D:6)
  3 orcs
  4 endoplasms
  A jackal (D:3)
  A kobold (D:2)
  A quokka (D:3)
  A ball python (D:1)
  3 frilled lizards (D:2)
19 creatures vanquished.

Vanquished Creatures (others)
  A knight (D:8)
  A hound zombie (D:6)
  3 ancestors (D:7)
  An adder zombie (D:6)
  2 orc zombies (D:6)
  A gnoll zombie (D:6)
9 creatures vanquished.

Grand Total: 218 creatures vanquished

Notes
Turn   | Place    | Note
-------+----------+-------------------------------------------
     0 | D:1      | oldriver the Mummy Necromancer began the quest for the Orb.
     0 | D:1      | Reached XP level 1. HP: 13/13 MP: 4/4
   177 | D:1      | Reached XP level 2. HP: 19/20 MP: 0/5
   276 | D:1      | Reached skill level 3 in Spellcasting
   630 | D:1      | Reached skill level 1 in Fighting
   878 | D:1      | Gained mutation: You are in touch with the powers of death.
                  | [Mummy growth]
   878 | D:1      | Reached XP level 3. HP: 23/26 MP: 0/7
  1048 | D:1      | Learned a level 3 spell: Vampiric Draining
  1484 | D:2      | Found Raix His's Book Emporium.
  1598 | D:2      | Reached XP level 4. HP: 30/32 MP: 7/9
  1603 | D:2      | Reached skill level 4 in Spellcasting
  2303 | D:3      | Noticed a scorpion
  2317 | D:3      | Killed a scorpion
  2318 | D:3      | Reached skill level 5 in Necromancy
  2318 | D:3      | Reached XP level 5. HP: 34/38 MP: 12/12
  2395 | D:3      | Learned a level 4 spell: Animate Dead
  2398 | D:3      | Learned a level 2 spell: Blink
  2530 | D:3      | Reached skill level 5 in Spellcasting
  3147 | D:4      | Found a sand-covered staircase.
  3152 | Ossuary  | Entered an ossuary
  3700 | Ossuary  | Noticed Menkaure
  3704 | Ossuary  | Killed Menkaure
  3705 | Ossuary  | Reached skill level 6 in Spellcasting
  3705 | Ossuary  | Reached XP level 6. HP: 41/47 MP: 13/15
  4519 | D:5      | Entered Level 5 of the Dungeon
  4704 | D:5      | Reached XP level 7. HP: 48/52 MP: 13/16
  4736 | D:5      | Found a radiant altar of Vehumet.
  4745 | D:5      | Found a shimmering blue altar of Sif Muna.
  4745 | D:5      | Noticed Blork the orc
  4751 | D:5      | Killed Blork the orc
  4876 | D:5      | Reached skill level 7 in Spellcasting
  5446 | D:6      | HP: 1/54 [wight/+0 trident (11)]
  5695 | D:6      | Reached skill level 8 in Spellcasting
  5695 | D:6      | Reached XP level 8. HP: 53/61 MP: 20/20
  5756 | D:6      | Found a staircase to the Ecumenical Temple.
  5916 | Temple   | Entered the Ecumenical Temple
  6060 | Temple   | Became a worshipper of Hepliaklqana the Forgotten
  6387 | D:5      | Learned a level 4 spell: Sticky Flame
  6426 | D:6      | Reached skill level 9 in Spellcasting
  6434 | D:6      | Reached skill level 5 in Fighting
  6911 | D:6      | Reached skill level 1 in Conjurations
  7002 | D:7      | Reached * piety under Hepliaklqana
  7503 | D:7      | Reached XP level 9. HP: 50/61 MP: 22/22
  7949 | D:7      | Reached skill level 10 in Spellcasting
  8184 | D:8      | Reached ** piety under Hepliaklqana
  8186 | D:8      | Remembered your ancestor Bozidara as a knight
  8201 | D:8      | Noticed Joseph
  8218 | D:8      | HP: 2/62 [Joseph/sling bullet (21)]
  8219 | D:8      | Slain by Joseph

Illustrated notes

Levels and vault maps discovered:
D:1:      amcnicky_arrival_blooded_trapdoor, layout_loops_ring,
          minmay_misc_feat_tiny
D:2:      layout_basic, serial_shops, shop, minmay_lizard_pond
D:3:      layout_basic
D:4:      layout_cave_pods, nicolae_ossuary_entry_plus, grunt_decor_junction
D:5:      layout_basic, mainiacjoe_overflow_swirl, uniq_blork_the_orc
D:6:      nicolae_cairo_tiling_large_dashed, layout_basic,
          minmay_temple_entry_trees
D:7:      dreamdust_elfheim, layout_basic, lightli_orcish_oven
D:8:      minmay_gate_of_8, layout_basic, serial_glass, glass_columns_b,
          glass_columns_c, nicolae_diode_quadrants, uniq_joseph, uniq_psyche
Temple:   nicolae_temple_bog_church

Skill      XL: |  1  2  3  4  5  6  7  8  9 |
---------------+----------------------------+-----
Spellcasting   | 3 4 6 8 9 10 | 10.2
Fighting       | 1 2 3 4 5 |  5.7
Necromancy     | 5 6 7 |  7.3
Dodging        | 2 |  2.9
Conjurations   | 1 2 |  2.0
Stealth        | |  1.5

Action                   |  1- 3 |  4- 6 |  7- 9 || total
-------------------------+-------+-------+-------++-------
Melee: Unarmed           |     2 |       |       ||     2
       Dagger            |     2 |   138 |    88 ||   228
       Punch             |       |     2 |     1 ||     3
 Cast: Necrotise         |    87 |    91 |   121 ||   299
       Animate Dead      |       |     1 |    12 ||    13
       Vampiric Draining |       |     1 |    10 ||    11
Invok: Recall Ancestor   |       |       |     1 ||     1
       Ancestor Life: Kn |       |       |     1 ||     1
  Use: Scroll            |       |    10 |     2 ||    12
 Stab: Sleeping          |       |     2 |       ||     2
Armor: Robe              |     3 |    38 |    12 ||    53
Dodge: Dodged            |    14 |    66 |   104 ||   184

Table legend: (Time is in decaauts)
 A = Elapsed time spent in this place.
 B = Non-inter-level travel time spent in this place.
 C = Inter-level travel time spent in this place.
 D = Time resting spent in this place.
 E = Time spent auto-exploring this place.
 F = Levels seen in this place.
 G = Mean time per level.
                   A        B        C        D        E       F      G
               +--------+--------+--------+--------+--------+-----+--------+
         Total |   8221 |   7720 |    501 |    575 |   5360 |  10 |  822.1 |
       Dungeon |   7396 |   6925 |    471 |    436 |   5093 |   8 |  924.5 |
        Temple |    171 |    142 |     29 |      0 |    127 |   1 |  171.0 |
       Ossuary |    652 |    652 |      0 |    139 |    140 |   1 |  652.0 |
               +--------+--------+--------+--------+--------+-----+--------+

Top non-repeatable levels by time:
     D:1: 1337 daAuts
     D:6: 1228 daAuts
     D:5: 1192 daAuts
     D:7: 1059 daAuts
     D:3: 910 daAuts
     D:4: 835 daAuts
     D:2: 780 daAuts
 Ossuary: 652 daAuts
  Temple: 171 daAuts
     D:8: 52 daAuts
